 Dungeon Crawl Stone Soup version 0.31-a0-535-g08d4ee9 (webtiles) character file.

Game seed: 10126733546483762498

2855 Dorkslayer the Chopper (level 9, -10/84 HPs)
             Began as a Troll Fighter on Aug 12, 2023.
             Was a Follower of Okawaru.
             Mangled by a gnoll sergeant
             ... wielding a +4 spear of pain
              (11 damage)
             ... while paralysed by a gnoll
             ... on level 6 of the Dungeon.
             The game lasted 00:26:45 (4472 turns).

Dorkslayer the Chopper (Troll Fighter)              Turns: 4472, Time: 00:26:45

Health: -10/84     AC: 11    Str: 26    XL:     9   Next: 46%
Magic:  8/8        EV:  1    Int:  4    God:    Okawaru [*.....]
Gold:   105        SH:  0    Dex: 19    Spells: 8/8 levels left

rFire   . . .        q - +1 war axe (flame)
rCold   . . .        c - +2 kite shield
rNeg    . . .        b - +0 robe
rPois   .            C - +2 hat
rElec   .            n - +0 cloak
rCorr   .            (gloves unavailable)
SInv    .            (boots unavailable)
Will    .....        (no amulet)
Stlth   ++           m - +4 ring of protection
HPRegen 1.14/turn    o - +6 ring of dexterity
MPRegen 0.11/turn

%: no passive effects
@: paralysed, mighty, studying Dodging
A: large, unfitting armour, claws 3, regeneration 1, shaggy fur 1, tough skin 1
a: Renounce Religion, Heroism


You were on level 6 of the Dungeon.
You worshipped Okawaru.
Okawaru was aware of your devotion.
You visited 2 branches of the dungeon, and saw 7 of its levels.
You also visited: Ossuary.

You collected 231 gold pieces.
You spent 126 gold pieces at shops.

Inventory:

Hand Weapons
 a - a +0 spectral flail
 q - a +1 war axe of flaming (weapon)
Armour
 b - a +0 robe (worn)
 c - a +2 kite shield (worn)
 n - a +0 cloak (worn)
 C - a +2 hat (worn)
Jewellery
 m - a +4 ring of protection (left claw)
 o - a +6 ring of dexterity (right claw)
 p - a ring of protection from cold
 r - a +6 ring of intelligence
Wands
 i - a wand of iceblast (5)
 w - a wand of acid (2)
 x - a wand of mindburst (18)
Scrolls
 d - 3 scrolls of enchant armour
 t - a scroll of teleportation
 v - a scroll of amnesia
 E - a scroll of blinking
Potions
 e - 2 potions of might
 f - a potion of mutation
 g - 4 potions of heal wounds
 h - a potion of berserk rage
 j - 2 potions of brilliance
 k - 3 potions of curing
 l - 3 potions of enlightenment
 s - a potion of cancellation {unknown}
 u - 2 potions of invisibility {unknown}
 z - a potion of haste {unknown}
 A - a potion of degeneration {unknown}
 B - a potion of attraction {unknown}
 D - a potion of resistance {unknown}


   Skills:
 + Level 4.0 Fighting
 * Level 6.6(7.0) Axes
 + Level 3.3(5.7) Maces & Flails
 * Level 6.5 Dodging
 + Level 0.3 Stealth
 + Level 4.8 Shields
 * Level 1.0 Invocations
 * Level 3.8 Evocations


You had 8 spell levels left.
You didn't know any spells.
Your spell library contained the following spells:

 Spells                   Type           Power      Damage    Failure   Level
 Magic Dart               Conj           0%         1d3       75%         1
 Necrotise                Necr           0%         1d4       75%         1
 Slow                     Hex            0%         N/A       75%         1
 Sting                    Tmut/Pois      0%         1d3       75%         1
 Poisonous Vapours        Pois/Air       0%         N/A       86%         2
 Searing Ray              Conj           0%         2d4       86%         2
 Confusing Touch          Hex            0%         N/A       98%         3
 Mephitic Cloud           Conj/Pois/Air  0%         N/A       98%         3
 Vampiric Draining        Necr           0%         2d6       98%         3
 Fulminant Prism          Conj/Hex       0%         3d5       100%        4
 Olgreb's Toxic Radiance  Pois           0%         N/A       100%        4
 Agony                    Necr           0%         N/A       100%        5
 Freezing Cloud           Conj/Ice/Air   0%         6-21      100%        5


Dungeon Overview and Level Annotations

Branches:
Dungeon (6/15)             Temple (1/1) D:4         Ossuary (visited)

Altars:
Ashenzari
Cheibriados
Dithmenos
Elyvilon
Fedhas
Gozag
Hepliaklqana
Kikubaaqudgha
Makhleb
Nemelex Xobeh
Okawaru
Ru
Sif Muna
Trog
Uskayaw
Vehumet
Wu Jian
Xom
Yredelemnul
Zin
The Shining One

Shops:
D:5 *

Annotations:
D:6 1 transporter
Temple 4 transporters


Innate Abilities, Weirdness & Mutations

You are too large for most types of armour.
You have claws for hands.
Your natural rate of healing is unusually fast.
You are covered in fur. (AC +1)
You have tough skin. (AC +1)


Message History

The gnoll bouda shouts!
The gnoll sergeant hits you with a +4 spear of pain!
You block the gnoll's attack.
The gnoll unwields a +0 vampiric spear.
The gnoll wields a +0 sling.
The gnoll shoots a sling bullet.
The sling bullet closely misses you.
The sling bullet hits the gnoll.
The gnoll throws a stone.
You block the stone.
The gnoll sergeant hits you with a +4 spear of pain!
The gnoll sergeant hits you but does no damage.
The gnoll bouda barks out a call to the hunt!
The gnolls pick up the pace!
The gnoll barely misses you.
You slash the gnoll sergeant! You burn the gnoll sergeant.
The gnoll sergeant is heavily wounded.
You slash the gnoll! You burn the gnoll. You slash the gnoll!
You burn the gnoll.
You kill the gnoll!
Okawaru accepts your kill.
The gnoll shoots a sling bullet.
You block the sling bullet.
The gnoll throws a stone.
The stone hits you but does no damage.
The gnoll hits you from afar with a +1 halberd of electrocution!
You are electrocuted!!
* * * LOW HITPOINT WARNING * * *
You block the gnoll sergeant's attack. x2; The gnoll zaps a wand.
You suddenly lose the ability to move!
The gnoll sergeant hits you from afar with a +0 spear.
* * * LOW HITPOINT WARNING * * *
The gnoll hits you but does no damage. x2; You are electrocuted!
* * * LOW HITPOINT WARNING * * *
The gnoll sergeant hits you with a +4 spear of pain.
* * * LOW HITPOINT WARNING * * *
You writhe in agony.
* * * LOW HITPOINT WARNING * * *
The gnoll unwields a +0 sling.
The gnoll wields a +0 vampiric spear.
The gnoll hits you but does no damage. The gnoll hits you but does no damage.
The gnoll sergeant hits you but does no damage.
The gnoll hits you with a +0 flail.
* * * LOW HITPOINT WARNING * * *
The gnoll sergeant hits you with a +4 spear of pain!
You die...

###.....≈≈####.....####≈≈..#
###.....≈≈#..#8###8#..#≈≈..#
#.......≈≈##.###.###.##≈≈..#
#.......≈≈#...........#≈≈..#
#.......≈≈###.##'##.###≈≈..#
#.......≈≈..#.#...#.#..≈≈..#
#.......≈≈.##.g.g.'.##.≈≈..#
#.......≈≈.#..#ggg#..#.≈≈..#
###.....≈≈.##.##@##.##.≈≈..#
##..........#g#...#.#..≈≈..#
##.###.....©#.g.©.g.#©.~~..#
##.#........#.#8⌠8#.#..≈≈..#
##)...#.≈≈.##.#####.##.≈≈..#
#.......≈≈.#. #.©#.≈≈..#
#.#.###.≈≈.##.# #.##.≈≈..#
#.#.....≈≈.. #. #.#..≈≈..#
..#####.≈≈###.##'##.###≈≈..#


You could see 2 gnoll sergeants, a gnoll bouda and 4 gnolls.

Vanquished Creatures
  Eustachio (D:5)
  4 black bears
  2 orc warriors
  2 sky beasts
  A centaur (D:5)
  2 kobold brigands
  Blork the orc (D:5)
  5 elf zombies (Ossuary)
  2 scorpions
  5 centaur zombies (Ossuary)
  2 jellies (D:6)
  4 orc priests
  5 hounds
  2 human zombies (Ossuary)
  A gnoll bouda (D:5)
  4 sleepcaps
  2 iguanas
  8 orc wizards
  3 mummies (Ossuary)
  5 gnolls
  9 adders
  A worm (D:3)
  A dart slug (D:1)
  33 orcs
  7 endoplasms
  2 giant cockroaches
  4 goblins
  14 hobgoblins
  6 jackals (D:1)
  6 quokkas
  4 ball pythons
  8 bats
  4 frilled lizards
  15 kobolds
  6 rats
  A butterfly (D:6)
182 creatures vanquished.

Notes
Turn   | Place    | Note
-------+----------+-------------------------------------------
     0 | D:1      | Dorkslayer the Troll Fighter began the quest for the Orb.
     0 | D:1      | Reached XP level 1. HP: 22/22 MP: 0/0
    73 | D:1      | Found a faded altar of an unknown god.
   237 | D:1      | Reached XP level 2. HP: 27/29 MP: 1/1
   650 | D:2      | Reached XP level 3. HP: 36/36 MP: 2/2
   928 | D:2      | Reached XP level 4. HP: 38/44 MP: 3/3
  1274 | D:3      | Noticed a black bear
  1282 | D:3      | Killed a black bear
  1283 | D:3      | Reached skill level 1 in Evocations
  1283 | D:3      | Reached XP level 5. HP: 53/53 MP: 4/4
  1718 | D:3      | Found a snail-covered altar of Cheibriados.
  1727 | D:3      | Reached skill level 1 in Axes
  1944 | D:4      | Found a staircase to the Ecumenical Temple.
  1953 | D:4      | Reached XP level 6. HP: 59/61 MP: 5/5
  1971 | Temple   | Found a transporter.
  1971 | Temple   | Found a transporter.
  1971 | Temple   | Found a transporter.
  1971 | Temple   | Found a transporter.
  1971 | Temple   | Entered the Ecumenical Temple
  2108 | D:4      | Noticed an orc warrior
  2123 | D:4      | Killed an orc warrior
  2124 | D:4      | Reached XP level 7. HP: 26/67 MP: 6/6
  2833 | D:5      | Entered Level 5 of the Dungeon
  2935 | D:5      | Reached XP level 8. HP: 68/75 MP: 7/7
  2986 | D:5      | Noticed Blork the orc
  2988 | D:5      | Found Qyuquhea's Assorted Antiques.
  3001 | D:5      | Killed Blork the orc
  3042 | D:5      | Noticed Eustachio
  3095 | D:5      | Killed Eustachio
  3109 | D:5      | Found a white marble altar of Elyvilon.
  3142 | D:5      | Found a sand-covered staircase.
  3151 | Ossuary  | Entered an ossuary
  3183 | Ossuary  | Reached skill level 5 in Dodging
  3190 | Ossuary  | Reached skill level 5 in Axes
  3309 | Ossuary  | Reached XP level 9. HP: 84/84 MP: 8/8
  3533 | D:5      | Found an iron altar of Okawaru.
  3535 | D:5      | Found an opulent altar of Gozag.
  3540 | D:5      | Became a worshipper of Warmaster Okawaru
  3782 | D:5      | Bought a potion of might for 84 gold pieces
  3782 | D:5      | Bought a scroll of identify for 42 gold pieces
  3947 | D:6      | Identified the +6 kite shield "Wuupisei" {rElec rC- rCorr
                  | Str-5}
  3970 | D:6      | Found a transporter.
  4026 | D:6      | Found a transporter.
  4156 | D:6      | Reached * piety under Okawaru
  4162 | D:6      | Found a shimmering altar of Xom.
  4222 | D:6      | Reached skill level 1 in Invocations
  4256 | D:6      | Found a broken altar of Ashenzari.
  4260 | D:6      | Saw a vision of the Swamp and the Spider Nest.
  4260 | D:6      | Noticed an eleionoma
  4260 | D:6      | Noticed a tyrant leech
  4260 | D:6      | Noticed an orb spider
  4260 | D:6      | Noticed a torpor snail
  4260 | D:6      | Noticed a demonic crawler
  4260 | D:6      | Noticed a pharaoh ant
  4260 | D:6      | Noticed a torpor snail
  4260 | D:6      | Noticed a moth of wrath
  4260 | D:6      | Noticed a demonic crawler
  4260 | D:6      | Noticed an entropy weaver
  4260 | D:6      | Noticed a moth of wrath
  4261 | D:6      | Noticed an alligator
  4261 | D:6      | Noticed a torpor snail
  4261 | D:6      | Noticed an emperor scorpion
  4262 | D:6      | Noticed an entropy weaver
  4262 | D:6      | Noticed a swamp dragon
  4265 | D:6      | Noticed a demonic crawler
  4266 | D:6      | Noticed an eleionoma
  4336 | D:6      | Found an ornate altar of the Wu Jian Council.
  4359 | D:6      | Found a hazy altar of Hepliaklqana.
  4470 | D:6      | Paralysed by a gnoll for 5 turns
  4471 | D:6      | HP: 3/84 [gnoll sergeant/+4 spear of pain (2)]
  4471 | D:6      | HP: 1/84 [gnoll sergeant/+4 spear of pain (2)]
  4472 | D:6      | Mangled by a gnoll sergeant

Illustrated notes

Levels and vault maps discovered:
D:1:      minmay_arrival_loop, layout_rooms,
          hellmonk_ecumenical_altar_crossroads, columned_hall_lemuel
D:2:      layout_loops_cross
D:3:      layout_loops_ring, cheibriados_altar_1, minmay_surrounded
D:4:      layout_layer_cave, minmay_temple_entry_junction, minmay_manual_mail
D:5:      layout_basic, nicolae_overflow_crystal_walls,
          gammafunk_temple_overflow_statue, serial_shops,
          nicolae_lakefront_shop, lightli_ossuary_entry_decrepit_ruins,
          hellmonk_no_cap, uniq_eustachio, uniq_blork_the_orc
D:6:      layout_basic, grunt_ashenzari_visionary
          [grunt_ashenzari_visionary_swamp, grunt_ashenzari_visionary_spider],
          xom_butterflies, mainiacjoe_overflow_swirl,
          gammafunk_ghost_gnarly_gnolls
Temple:   hellmonk_temple_divided_pantheon

Skill      XL: |  1  2  3  4  5  6  7  8  9 |
---------------+----------------------------+-----
Maces & Flails | 2 3 |  3.3
Shields        | 3 4 |  4.8
Fighting       | 3 4 |  4.0
Dodging        | 3 4 5 6 |  6.5
Evocations     | 1 2 3 |  3.8
Axes           | 1 3 5 6 |  6.6
Invocations    | 1 |  1.0
Stealth        | |  0.3

Action                     |  1- 3 |  4- 6 |  7- 9 || total
---------------------------+-------+-------+-------++-------
  Melee: Flail             |   114 |    36 |       ||   150
         War axe           |       |    99 |   307 ||   406
  Evoke: Wand              |       |     1 |     2 ||     3
    Use: Scroll            |     6 |     3 |    12 ||    21
         Potion            |       |     1 |     1 ||     2
   Stab: Sleeping          |       |       |     2 ||     2
 Armour: Robe              |    81 |    54 |   162 ||   297
  Dodge: Dodged            |    63 |    75 |   165 ||   303
  Block: Kite shield       |    55 |    83 |   178 ||   316

Table legend: (Time is in decaauts)
 A = Elapsed time spent in this place.
 B = Non-inter-level travel time spent in this place.
 C = Inter-level travel time spent in this place.
 D = Time resting spent in this place.
 E = Time spent auto-exploring this place.
 F = Levels seen in this place.
 G = Mean time per level.
                   A        B        C        D        E       F      G
               +--------+--------+--------+--------+--------+-----+--------+
         Total |   4685 |   4684 |      1 |      0 |   1197 |   8 |  585.6 |
       Dungeon |   4436 |   4435 |      1 |      0 |   1187 |   6 |  739.3 |
        Temple |      7 |      7 |      0 |      0 |      0 |   1 |    7.0 |
       Ossuary |    241 |    241 |      0 |      0 |     10 |   1 |  241.0 |
               +--------+--------+--------+--------+--------+-----+--------+

Top non-repeatable levels by time:
     D:4: 972 daAuts
     D:5: 892 daAuts
     D:3: 713 daAuts
     D:2: 655 daAuts
     D:1: 619 daAuts
     D:6: 584 daAuts
 Ossuary: 241 daAuts
  Temple: 7 daAuts
